 Dungeon Crawl Stone Soup version 0.29-a0-1047-g7c58e119a4 (webtiles) character file.

Game seed: 4519118000871779414

126 gelatine the Chopper (level 4, -12/34 HPs)
             Began as a Demonspawn Gladiator on Aug 16, 2022.
             Mangled by an orc
             ... wielding a +0 dagger of electrocution
              (20 damage)
             ... on level 3 of the Dungeon.
             The game lasted 00:05:05 (2577 turns).

gelatine the Chopper (Demonspawn Gladiator)         Turns: 2577, Time: 00:05:06

Health: -12/34     AC: 14    Str: 14    XL:     4   Next: 84%
Magic:  4/4        EV:  7    Int: 13    God:
Gold:   152        SH:  0    Dex: 15    Spells: 3/3 levels left

rFire   . . .      SeeInvis .   a - +0 war axe
rCold   . . .      Faith    .   (no shield)
rNeg    . . .      Spirit   .   n - +4 chain mail
rPois   .          Reflect  .   c - +0 helmet
rElec   .          Harm     .   (no cloak)
rCorr   .          Rampage  .   (no gloves)
Will    +....                   i - +0 pair of boots
Stlth   ..........              (no amulet)
HPRegen 0.11/turn               g - ring of willpower
MPRegen 0.09/turn               (no ring)

@: no status effects
A: big brain 1
a: no special abilities


You were on level 3 of the Dungeon.
You visited 1 branch of the dungeon, and saw 3 of its levels.

You collected 152 gold pieces.

Inventory:

Hand Weapons
 a - a +0 war axe (weapon)
 k - a +0 whip of electrocution
Missiles
 d - 3 throwing nets (quivered)
 e - a javelin
Armour
 b - a +0 leather armour
 c - a +0 helmet (worn)
 i - a +0 pair of boots (worn)
 n - a +4 chain mail (worn)
Jewellery
 g - a ring of willpower (left hand)
Scrolls
 f - a scroll of teleportation
 h - a scroll of amnesia {unknown}
 j - a scroll of blinking {unknown}
 l - a scroll of magic mapping {unknown}
 m - a scroll of enchant armour {unknown}
 p - a scroll of immolation {unknown}
 r - a scroll of fear {unknown}
Potions
 o - a potion of magic {unknown}
 q - 2 potions of might {unknown}


   Skills:
 + Level 2.6 Fighting
 + Level 4.0 Axes
 + Level 1.8 Throwing
 + Level 1.1 Armour
 + Level 3.2 Dodging
 + Level 1.0 Stealth


You had 3 spell levels left.
You didn't know any spells.
Your spell library contained the following spells:

 Spells                   Type           Power      Damage    Failure   Level
 Stone Arrow              Conj/Erth      0%         3d7       100%        3
 Animate Armour           Summ/Erth      0%         N/A       100%        4
 Blade Hands              Tmut           0%         N/A       100%        5
 Iron Shot                Conj/Erth      0%         9d1       100%        6
 Lehudib's Crystal Spear  Conj/Erth      0%         10d2      100%        8


Dungeon Overview and Level Annotations

Branches:
Dungeon (3/15)

Altars:
Dithmenos


Innate Abilities, Weirdness & Mutations

You have an unusually large brain. (Int +2)


Message History

A rat comes into view.
The rat bites you but does no damage.
You hit the rat.
The rat is moderately wounded.
The rat bites you but does no damage.
You slash the rat!
You kill the rat! 5 orcs come into view.
An orc is wielding a +0 flail and quivering silver boomerangs.
An orc is wielding a +0 dagger of electrocution.
Found 14 gold pieces.
Found a stone staircase leading up.
The orc shouts! x4; You hear a shout! x2
The orc moves out of view.
You closely miss the orc.
An orc wizard comes into view. It is wielding a +0 dagger.
The orc barely misses you.
You barely miss the orc. The orc barely misses you.
The orc hits you with a +0 hand axe.
You closely miss the orc. x2; The orc hits you with a +0 flail.
The orc hits you but does no damage. x2; The orc barely misses you.
You slash the orc!
You kill the orc!
You slash the orc!
You kill the orc!
An orc comes into view. It is wielding a +0 dagger.
Your Axes skill increases to level 4!
You slash the orc!
You kill the orc!
The orc wizard gestures wildly while chanting.
The orc wizard flickers and vanishes!
Deactivating autopickup; reactivate with Ctrl-A.
You hit the orc.
The orc is severely wounded.
An orc comes into view. It is wielding a +0 whip.
The orc hits you with a +0 dagger of electrocution.
You are electrocuted!!
Ouch! That really hurt!
* * * LOW HITPOINT WARNING * * *
The orc hits you but does no damage.
You are electrocuted!!
Ouch! That really hurt!
You die...

#o# ##.#### ###
.$o##.. ..# <.##.#
#.# .o##.# #.#
#.##.# #.#
#o##.########.####
#@#...............
#)........##..####
###....##.##..# #
##.#.##.##..# #
#.#.##.....# #
#.#.###(...# ##
###.#.###.#..###.
.................
#####.###.#.####.


You could see 4 orcs.

Vanquished Creatures
  Jessica (D:2)
  3 gnolls (D:3)
  A worm (D:3)
  A dart slug (D:2)
  3 orcs (D:3)
  4 ball pythons
  6 bats
  8 endoplasms
  2 giant cockroaches
  5 goblins
  7 hobgoblins
  2 jackals (D:1)
  2 kobolds
  5 quokkas
  2 frilled lizards
  5 rats
57 creatures vanquished.

Vanquished Creatures (others)
  6 plants (D:2)
6 creatures vanquished.

Grand Total: 63 creatures vanquished

Notes
Turn   | Place    | Note
-------+----------+-------------------------------------------
     0 | D:1      | gelatine the Demonspawn Gladiator began the quest for the
                  | Orb.
     0 | D:1      | Reached XP level 1. HP: 16/16 MP: 1/1
    72 | D:1      | Found a faded altar of an unknown god.
   258 | D:1      | Reached skill level 3 in Axes
   298 | D:1      | Gained mutation: You have an unusually large brain. (Int
                  | +2) [demonic ancestry]
   298 | D:1      | Reached XP level 2. HP: 16/22 MP: 2/2
   998 | D:2      | Reached XP level 3. HP: 28/28 MP: 3/3
  1219 | D:2      | Noticed Jessica
  1248 | D:2      | Killed Jessica
  1471 | D:2      | Reached XP level 4. HP: 30/34 MP: 4/4
  2165 | D:3      | Reached skill level 1 in Armour
  2193 | D:3      | Reached skill level 1 in Stealth
  2381 | D:3      | Found a shadowy altar of Dithmenos.
  2576 | D:3      | Reached skill level 4 in Axes
  2577 | D:3      | Mangled by an orc

Illustrated notes

Levels and vault maps discovered:
D:1:      saegor_arrival_simple_d, layout_basic,
          shapermc_ecumenical_altar_notcrosses
D:2:      cheibrodos_helix_gallery, layout_loops_corners, serial_forest,
          infiniplex_forest_3_way, infiniplex_forest_clump_large,
          infiniplex_forest_lined_room_3, infiniplex_forest_straight_4,
          infiniplex_forest_lined_2, infiniplex_forest_clump_tiny, uniq_jessica
D:3:      layout_loops_ring, mainiacjoe_overflow_concentric_impassable,
          mrwooster_statue_mirror

Skill      XL: |  1  2  3  4 |
---------------+-------------+-----
Axes           | 3 4 |  4.0
Dodging        | 3 |  3.2
Armour         | 1 |  1.1
Stealth        | 1 |  1.0
Fighting       | |  2.6
Throwing       | |  1.8

Action                   |  1- 3 |  4- 6 || total
-------------------------+-------+-------++-------
Melee: War axe           |    90 |    68 ||   158
       Punch             |     1 |       ||     1
  Use: Potion            |       |     2 ||     2
       Scroll            |       |     1 ||     1
 Stab: Sleeping          |     2 |       ||     2
       Distracted        |     1 |       ||     1
Armor: Leather armour    |    34 |       ||    34
       Chain mail        |     2 |    53 ||    55
Dodge: Dodged            |    67 |    34 ||   101

Table legend: (Time is in decaauts)
 A = Elapsed time spent in this place.
 B = Non-inter-level travel time spent in this place.
 C = Inter-level travel time spent in this place.
 D = Time resting spent in this place.
 E = Time spent auto-exploring this place.
 F = Levels seen in this place.
 G = Mean time per level.
                   A        B        C        D        E       F      G
               +--------+--------+--------+--------+--------+-----+--------+
         Total |   2637 |   2548 |     89 |      3 |   2029 |   3 |  879.0 |
       Dungeon |   2637 |   2548 |     89 |      3 |   2029 |   3 |  879.0 |
               +--------+--------+--------+--------+--------+-----+--------+

Top non-repeatable levels by time:
     D:2: 1134 daAuts
     D:1: 1009 daAuts
     D:3: 493 daAuts
